 Dungeon Crawl Stone Soup version 0.26.1-12-g5ba1501909 (webtiles) character file.

Game seed: 4513930019776521835

1201 Zeld the Sneak (level 8, 0/55 HPs)
             Began as an Octopode Brigand on Oct 28, 2021.
             Splashed by a jelly's acid (4 damage)
             ... on level 6 of the Dungeon.
             The game lasted 00:06:10 (7007 turns).

Zeld the Sneak (Octopode Brigand)                   Turns: 7007, Time: 00:06:10

Health: 0/55       AC: -3    Str: 11    XL:     8   Next: 44%
Magic:  8/8        EV: 15    Int: 13    God:
Gold:   83         SH:  0    Dex: 15    Spells: 7/7 levels left

rFire    . . .     SeeInvis .   n - +0 short sword (curse)
rCold    . . .     Faith    .   (no shield)
rNeg     . . .     Spirit   .   (helmet restricted)
rPois    .         Reflect  .   (no amulet)
rElec    .         Harm     .   (no ring)
rCorr    .         Rampage  .   (no ring)
Will     .....                  (no ring)
Stlth    +++++.....             (no ring)
HPRegen  0.18/turn              (no ring)
MPRegen  0.11/turn              (no ring)
                                (no ring)
                                (no ring)

@: corroded
A: almost no armour, stealthy swim, amphibious, 8 rings, constrict 8, camouflage
1, gelatinous body 1
a: no special abilities


You were on level 6 of the Dungeon.
You visited 1 branch of the dungeon, and saw 6 of its levels.

You collected 181 gold pieces.
You spent 98 gold pieces at shops.

Inventory:

Hand Weapons
 a - a +0 short sword of venom
 n - a cursed +0 short sword (weapon)
Missiles
 b - 43 poisoned darts (quivered)
 c - 2 curare-tipped darts
Jewellery
 d - an uncursed amulet of guardian spirit {unknown}
 k - a +4 ring of evasion {unknown}
 o - a cursed ring of willpower {unknown}
 p - an uncursed ring of ice {unknown}
 u - an uncursed ring of see invisible {unknown}
 x - an uncursed ring of wizardry {unknown}
 B - a +6 ring of strength {unknown}
 E - an uncursed amulet of faith {unknown}
Wands
 w - a wand of enslavement (5)
 y - a wand of iceblast (12)
Scrolls
 f - a scroll of enchant weapon {unknown}
 j - 2 scrolls of identify {unknown}
 l - 4 scrolls of remove curse {unknown}
 r - a scroll of enchant armour {unknown}
 s - a scroll of noise {unknown}
 v - 4 scrolls of blinking {unknown}
 C - a scroll of amnesia {unknown}
 D - a scroll of teleportation {unknown}
Potions
 e - 4 potions of lignification {unknown}
 g - 3 potions of curing {unknown}
 h - 2 potions of heal wounds {unknown}
 i - a potion of ambrosia {unknown}
 m - a potion of degeneration {unknown}
 q - 3 potions of invisibility {unknown}
 t - 4 potions of mutation {unknown}
 z - a potion of might {unknown}
 A - 3 potions of flight {unknown}


   Skills:
 * Level 5.2 Fighting
 * Level 5.1 Short Blades
 * Level 5.3 Throwing
 + Level 3.4 Dodging
 + Level 7.2 Stealth


You had 7 spell levels left.
You didn't know any spells.
Your spell library was empty.

Dungeon Overview and Level Annotations

Branches:
Dungeon (6/15)
 Temple: D:4-7

Altars:
Cheibriados
Gozag
Hepliaklqana
Makhleb
Nemelex Xobeh
Okawaru
Qazlal
Sif Muna
Trog
Uskayaw
Zin

Shops:
D:4 }


Innate Abilities, Weirdness & Mutations

You cannot wear most types of armour.
You are very stealthy in the water. (Stealth+)
You are amphibious.
You can wear up to eight rings at the same time.
You can use your tentacles to constrict eight enemies at once.
Your skin changes colour to match your surroundings (Stealth+).
Your rubbery body absorbs attacks. (AC +1, EV +1)


Message History

Unknown command.
You hit the jelly but do no damage.
Your tentacles burn!
* * * LOW HITPOINT WARNING * * *
The jelly is severely wounded.
The jelly misses you.
You hit the jelly.
Your tentacles burn!
* * * LOW HITPOINT WARNING * * *
The jelly is almost dead.
The jelly hits you.
* * * LOW HITPOINT WARNING * * *
You are splashed with acid.
* * * LOW HITPOINT WARNING * * *
Press: ? - help, v - describe, . - travel
Here: a jelly (almost dead)
The floor.
Aiming: Iceblast
Press: ? - help, Shift-Dir - straight line
Okay, then.
You hit the jelly but do no damage.
Your tentacles burn!
You die...

#########
#.#.J@.<#
#.#.#####
#...#
#.###
#.#######
#........
#.#######
#.# #.#


You could see a jelly.

Vanquished Creatures
  A hornet (D:4)
  A sky beast (D:5)
  An ogre (D:4)
  3 eyes of draining (D:3)
  A phantom (D:5)
  A hound (D:5)
  An orc priest (D:4)
  2 bullfrog skeletons (D:5)
  4 worker ants
  Terence (D:3)
  A hound skeleton (D:5)
  Robin (D:4)
  5 gnolls
  3 adders
  A shadow imp (D:5)
  A white imp (D:5)
  2 oozes
  An adder zombie (D:5)
  3 worms
  2 dart slugs
  3 leopard geckos
  8 orcs
  6 bats
  5 giant cockroaches
  15 goblins
  13 hobgoblins
  9 jackals
  6 kobolds
  2 quokkas
  3 frilled lizards
  12 rats
118 creatures vanquished.

Vanquished Creatures (others)
  2 orc wizards (D:4)
  An orc (D:4)
  A goblin (D:4)
4 creatures vanquished.

Grand Total: 122 creatures vanquished

Notes
Turn   | Place    | Note
-------+----------+-------------------------------------------
     0 | D:1      | Zeld the Octopode Brigand began the quest for the Orb.
     0 | D:1      | Reached XP level 1. HP: 14/14 MP: 1/1
   229 | D:1      | Reached XP level 2. HP: 19/19 MP: 2/2
   654 | D:1      | Reached XP level 3. HP: 25/25 MP: 3/3
  1465 | D:2      | Reached XP level 4. HP: 30/30 MP: 4/4
  2400 | D:3      | Found a bloodstained altar of Trog.
  2400 | D:3      | Noticed an eye of draining
  2400 | D:3      | Noticed an eye of draining
  2400 | D:3      | Noticed an eye of draining
  2419 | D:3      | Killed an eye of draining
  2420 | D:3      | Reached XP level 5. HP: 19/36 MP: 0/5
  2428 | D:3      | Killed an eye of draining
  2429 | D:3      | Reached skill level 6 in Stealth
  2429 | D:3      | Reached XP level 6. HP: 24/42 MP: 0/6
  2430 | D:3      | Killed an eye of draining
  3001 | D:3      | Found an iron altar of Okawaru.
  3001 | D:3      | Noticed Terence
  3005 | D:3      | Killed Terence
  3381 | D:4      | Noticed a hornet
  3393 | D:4      | Killed a hornet
  3394 | D:4      | Reached XP level 7. HP: 31/48 MP: 7/7
  3611 | D:4      | Noticed Robin
  4179 | D:4      | Killed Robin
  4398 | D:4      | Found Addyruin's Gadget Shoppe.
  4401 | D:4      | Bought a wand of enslavement (5) for 98 gold pieces
  4866 | D:4      | Found a shimmering blue altar of Sif Muna.
  4877 | D:4      | Found a stormy altar of Qazlal.
  4878 | D:4      | Found a hide-covered altar of Uskayaw.
  4878 | D:4      | Found a hazy altar of Hepliaklqana.
  4878 | D:4      | Found a bloodstained altar of Trog.
  4878 | D:4      | Found an opulent altar of Gozag.
  4880 | D:4      | Found a sparkling altar of Nemelex Xobeh.
  4881 | D:4      | Found a snail-covered altar of Cheibriados.
  5022 | D:4      | Found a glowing silver altar of Zin.
  5022 | D:4      | Found a burning altar of Makhleb.
  5023 | D:4      | Noticed a blizzard demon
  5023 | D:4      | Noticed an angel
  5164 | D:5      | Entered Level 5 of the Dungeon
  5597 | D:5      | Reached XP level 8. HP: 48/54 MP: 8/8
  5765 | D:5      | Reached skill level 5 in Fighting
  5765 | D:5      | Reached skill level 5 in Throwing
  5765 | D:5      | Reached skill level 7 in Stealth
  6449 | D:5      | Reached skill level 5 in Short Blades
  7007 | D:6      | Splashed by a jelly's acid

Illustrated notes

Levels and vault maps discovered:
D:1:      wander_arrival_chamber, layout_basic
D:2:      layout_basic, chequers_serial_rivers_small_a, minmay_pentomino_p2
D:3:      layout_loops_ring, okawaru_metal_pillars_3, trog_eyes_of_draining,
          uniq_terence
D:4:      layout_basic, grunt_temple_overflow_order_and_chaos_2, minitemple,
          serial_shops, kennysheep_mini_moat, lemuel_another_geyser, uniq_robin
D:5:      kennysheep_spiral_hall, layout_basic
D:6:      layout_basic, elyvilon_altar_4, ebering_ghost_gozag, minivault_10

Skill      XL: |  1  2  3  4  5  6  7  8 |
---------------+-------------------------+-----
Fighting       | 3 4 5 |  5.2
Short Blades   | 3 4 5 |  5.1
Throwing       | 3 4 5 |  5.3
Dodging        | 2 3 |  3.4
Stealth        | 6 7 |  7.2

Action                   |  1- 3 |  4- 6 |  7- 9 || total
-------------------------+-------+-------+-------++-------
Melee: Dagger            |    41 |       |       ||    41
       Constrict         |    12 |    18 |    30 ||    60
       Tentacles         |     4 |    26 |    40 ||    70
       Short sword       |    14 |    96 |   150 ||   260
 Stab: Sleeping          |    15 |     8 |     8 ||    31
       Distracted        |       |       |     1 ||     1
Armor: Skin              |     2 |     7 |     2 ||    11
Dodge: Dodged            |    23 |    41 |    75 ||   139
